 Dungeon Crawl Stone Soup version 0.29-a0-341-g24ffce5b50 (webtiles) character file.

Game seed: 16256827691554752487

42 spaghetti the Skirmisher (level 3, 0/39 HPs)
             Began as an Ogre Hedge Wizard on Apr 20, 2022.
             Killed by divine providence
             ... invoked by an orc priest
              (15 damage)
             ... on level 3 of the Dungeon.
             The game lasted 00:03:15 (1764 turns).

spaghetti the Skirmisher (Ogre Hedge Wizard)        Turns: 1764, Time: 00:03:16

Health: 0/39       AC:  3    Str: 14    XL:     3   Next: 56%
Magic:  7/8        EV:  9    Int: 17    God:
Gold:   108        SH:  0    Dex:  8    Spells: 8/9 levels left

rFire   . . .      SeeInvis .   a - +0 dagger {short}
rCold   . . .      Faith    .   (no shield)
rNeg    . . .      Spirit   .   b - +0 robe
rPois   .          Reflect  .   c - +0 hat
rElec   .          Harm     .   (no cloak)
rCorr   .          Rampage  .   (gloves unavailable)
Will    .....                   (boots unavailable)
Stlth   +.........              (no amulet)
HPRegen 0.13/turn               (no ring)
MPRegen 0.11/turn               (no ring)

@: no status effects
A: large, unfitting armour, tough skin 1
a: no special abilities


You were on level 3 of the Dungeon.
You visited 1 branch of the dungeon, and saw 4 of its levels.

You collected 108 gold pieces.


Innate Abilities, Weirdness & Mutations

You are too large for most types of armour.
You have tough skin. (AC +1)


   Skills:
 + Level 4.1 Fighting
 - Level 1.7 Dodging
 - Level 1.4 Stealth
 - Level 3.6 Spellcasting
 - Level 0.8 Conjurations
 - Level 0.8 Summonings
 - Level 0.8 Translocations


You had 8 spell levels left.
You knew the following spells:

 Your Spells              Type           Power      Damage    Failure   Level
a - Magic Dart            Conj           24%        1d4       12%         1

Your spell library contained the following spells:

 Spells                   Type           Power      Damage    Failure   Level
 Slow                     Hex            12%        N/A       17%         1
 Blink                    Tloc           12%        N/A       17%         2
 Call Imp                 Summ           6%         N/A       17%         2
 Conjure Flame            Conj/Fire      4%         6-21      38%         3
 Mephitic Cloud           Conj/Pois/Air  4%         N/A       41%         3

Inventory:

Hand Weapons
 a - a +0 dagger (weapon) {short}
Missiles
 h - 57 stones {throwing}
Armour
 b - a +0 robe (worn)
 c - a +0 hat (worn)
Jewellery
 e - an amulet of magic regeneration {@e2}
   (You found it on level 1 of the Dungeon)
Scrolls
 f - 4 scrolls of identify {unknown}
 g - a scroll of holy word {unknown}
 i - a scroll of fog {unknown}
 k - a scroll of enchant weapon {unknown}
Potions
 d - a potion of magic
 l - a potion of flight

Dungeon Overview and Level Annotations

Branches:
Dungeon (4/15)
 Temple: D:4-7

Altars:

Annotations:
D:4 Blork the orc

#.# #.#
###.#########
#.).........
.
#.#.###...##
..
#.#.###.###
##. # #.....#
... #####.###
#.# .
#..@##.##.o..
##bg....oo...
##..####.#o.
##.# #.# #.#
... ... .###


You could see an orc priest, an orc, a hobgoblin and a bat.


Message History

Your hp is fully restored (39).
Your mp is fully restored (8).
Done exploring.
Done exploring.
(D) Dungeon
Where to? (Enter - D:2, ? - help)
You see here a +0 pair of boots.
There is a stone staircase leading down here.
You climb downwards.
There is a stone staircase leading up here.
Unknown command.
Unknown command.
You now have 108 gold pieces (gained 18).
A jackal comes into view.
The jackal barks!
You hear a shout!
A jackal is nearby!
A jackal is nearby!
A jackal is nearby!
Casting: Magic Dart (safe; 12% risk of failure)
Confirm with . or Enter, or press ? or * to list all spells.
Aiming: Magic Dart (safe; 12% risk of failure)
Press: ? - help, Shift-Dir - straight line, f - jackal
Aim: a jackal (100% to hit)
The magic dart hits the jackal.
A hobgoblin comes into view.
The jackal bites you. 😕 HP[-2] MP[-1]
You take 2 damage, and now have 37/39 hp.
You lost 1 mp, and now have 7/8 mp.
Casting: Magic Dart (safe; 12% risk of failure)
Confirm with . or Enter, or press ? or * to list all spells.
Aiming: Magic Dart (safe; 12% risk of failure)
Press: ? - help, Shift-Dir - straight line, f/p - jackal
Aim: a jackal (heavily wounded, 100% to hit)
The magic dart hits the jackal.
The jackal barely misses you. 😕 MP[-1]
You lost 1 mp, and now have 6/8 mp.
Casting: Magic Dart (safe; 12% risk of failure)
Confirm with . or Enter, or press ? or * to list all spells.
Aiming: Magic Dart (safe; 12% risk of failure)
Press: ? - help, Shift-Dir - straight line, f/p - jackal
Aim: a jackal (severely wounded, 100% to hit)
The magic dart hits the jackal but does no damage.
The jackal bites you.
An orc priest comes into view.
It is wielding a +0 club. 😕 HP[-1] MP[-1]
You take 1 damage, and now have 36/39 hp.
You lost 1 mp, and now have 5/8 mp.
Casting: Magic Dart (safe; 12% risk of failure)
Confirm with . or Enter, or press ? or * to list all spells.
Aiming: Magic Dart (safe; 12% risk of failure)
Press: ? - help, Shift-Dir - straight line, f/p - jackal
Aim: a jackal (severely wounded, 100% to hit)
The magic dart hits the jackal.
The orc priest shouts!
You hear a shout!
The jackal barely misses you.
An orc comes into view. It is wielding a +0 hand axe.
The jackal bites you but does no damage. 😕 MP[-1]
You lost 1 mp, and now have 4/8 mp.
Casting: Magic Dart (safe; 12% risk of failure)
Confirm with . or Enter, or press ? or * to list all spells.
Aiming: Magic Dart (safe; 12% risk of failure)
Press: ? - help, Shift-Dir - straight line, f/p - jackal
Aim: a jackal (almost dead, 100% to hit)
The magic dart hits the jackal but does no damage.
The jackal barely misses you.
The orc priest calls down the wrath of Beogh upon you.
Beogh smites you! 😮 HP[-8] MP[-1]
You take 8 damage, and now have 28/39 hp.
MASSIVE DAMAGE!! (PAUSE)
You lost 1 mp, and now have 3/8 mp.
An orc comes into view. It is wielding a +0 short sword.
The jackal bites you but does no damage.
The orc priest invokes the aid of Beogh against you.
Beogh smites you!
* * * LOW HITPOINT WARNING * * *
You hear a shout! x2 😨 HP[-13]
You take 13 damage, and now have 15/39 hp.
MASSIVE DAMAGE!! (PAUSE) Magic courses through your body.
The jackal bites you but does no damage.
A bat comes into view. 😨 MP[+5]
Your mp is fully restored (8).
Aiming: Magic Dart (safe; 12% risk of failure)
Press: ? - help, Q - select action, (/) - cycle Shift-Dir - straight line, f/p - jackal
Aim: a jackal (severely wounded, 100% to hit)
The magic dart hits the jackal.
You kill the jackal! 😨 MP[-1]
You lost 1 mp, and now have 7/8 mp.
Aiming: Magic Dart (safe; 12% risk of failure)
Press: ? - help, Q - select action, (/) - cycle Shift-Dir - straight line, f - hobgoblin
Aim: a hobgoblin (100% to hit)
The magic dart hits the hobgoblin but does no damage.
The orc priest mumbles some strange prayers to Beogh against you.
Beogh smites you!
You die...

Skill      XL: |  1  2  3 |
---------------+----------+-----
Fighting       | 2 3 4 |  4.1
Dodging        | |  1.7
Stealth        | |  1.4
Spellcasting   | |  3.6
Conjurations   | |  0.8
Summonings     | |  0.8
Translocations | |  0.8

Action                   || total
-------------------------++-------
Melee: Dagger            ||    29
 Cast: Magic Dart        ||    72
  Use: Potion            ||     5
Armor: Robe              ||    11
Dodge: Dodged            ||    16

Levels and vault maps discovered:
D:1:      mrwooster_arrival_statue_2, layout_rooms,
          shapermc_ecumenical_altar_flowoftime
D:2:      wander_river, layout_rooms
D:3:      kennysheep_the_goblin_king, layout_loops_ring, minmay_ruptured,
          uniq_crazy_yiuf_cottage
D:4:      layout_loops_ring, mainiacjoe_overflow_six_doors_small,
          nicolae_qazlal_general_emergency, temple_doors_cd,
          gammafunk_ghost_grave, eino_small_chamber_without_monster,
          uniq_blork_the_orc, uniq_ijyb

Notes
Turn   | Place    | Note
-------+----------+-------------------------------------------
     0 | D:1      | spaghetti the Ogre Hedge Wizard began the quest for the
                  | Orb.
     0 | D:1      | Reached XP level 1. HP: 16/16 MP: 5/5
     0 | D:1      | magus.rc [v1.9.6]
    21 | D:1      | Found a faded altar of an unknown god.
   113 | D:1      | Reached skill level 1 in Fighting
   207 | D:1      | Reached skill level 2 in Fighting
   207 | D:1      | Reached XP level 2. HP: 25/28 MP: 1/6
   749 | D:2      | Reached skill level 3 in Fighting
   880 | D:2      | You fall into a shaft and drop 2 floors!
   887 | D:4      | Noticed Blork the orc
  1041 | D:2      | Reached XP level 3. HP: 37/37 MP: 4/8
  1486 | D:2      | Reached skill level 4 in Fighting
  1764 | D:3      | Killed from afar by an orc priest

Vanquished Creatures
  An adder (D:2)
  A worm (D:2)
  2 dart slugs
  4 endoplasms (D:1)
  A giant cockroach (D:2)
  2 goblins (D:1)
  A hobgoblin (D:1)
  A jackal (D:3)
  A quokka (D:2)
  4 ball pythons
  2 frilled lizards (D:2)
  A kobold (D:1)
  5 rats
26 creatures vanquished.

Table legend:
 A = Non-vault XP
 B = Vault XP
 C = Vault XP percentage of total XP
 D = Non-vault monster count
 E = Vault monster count
 F = Vault count percentage of total count
                 A         B        C        D         E       F
            +---------+---------+-------+---------+---------+-------
      Total |      59 |       2 |   3.3 |      25 |       1 |   3.8
            +---------+---------+-------+---------+---------+-------
        D:1 |      23 |       0 |   0.0 |      12 |       0 |   0.0
        D:2 |      36 |       0 |   0.0 |      13 |       0 |   0.0
        D:3 |       0 |       2 | 100.0 |       0 |       1 | 100.0
            +---------+---------+-------+---------+---------+-------

Illustrated notes

Table legend:
 A = Kills in this place as a percentage of kills in entire the game.
 B = Kills by you in this place as a percentage of kills by you in the entire game.
 C = Kills by friends in this place as a percentage of kills by friends in the entire game.
 D = Other kills in this place as a percentage of other kills in the entire game.
 E = Experience gained in this place as a percentage of experience gained in the entire game.
 F = Experience gained in this place divided by the number of levels of this place that you have seen.
                   A       B       C       D       E      F
               +-------+-------+-------+-------+-------+----------------------
         Total | 100.0 | 100.0 |   N/A |   N/A | 100.0 |  15.2
       Dungeon | 100.0 | 100.0 |   N/A |   N/A | 100.0 |  15.2
               +-------+-------+-------+-------+-------+----------------------

Table legend: (Time is in decaauts)
 A = Elapsed time spent in this place.
 B = Non-inter-level travel time spent in this place.
 C = Inter-level travel time spent in this place.
 D = Time resting spent in this place.
 E = Time spent auto-exploring this place.
 F = Levels seen in this place.
 G = Mean time per level.
                   A        B        C        D        E       F      G
               +--------+--------+--------+--------+--------+-----+--------+
         Total |   1755 |   1698 |     57 |    164 |   1310 |   4 |  438.8 |
       Dungeon |   1755 |   1698 |     57 |    164 |   1310 |   4 |  438.8 |
               +--------+--------+--------+--------+--------+-----+--------+

Top non-repeatable levels by time:
     D:2: 941 daAuts
     D:1: 737 daAuts
     D:3: 60 daAuts
     D:4: 16 daAuts
